 Dungeon Crawl Stone Soup version 0.32-a0-868-g153ae1a8d6 (webtiles) character file.

Game seed: 16517859937997817306

451 bmack86 the Cleaver (level 6, -1/51 HPs)
             Began as a Minotaur Fighter on Mar 29, 2024.
             Slain by Edmund
             ... wielding a +4 flail of protection
              (14 damage)
             ... on level 6 of the Dungeon.
             The game lasted 00:04:54 (2044 turns).

bmack86 the Cleaver (Minotaur Fighter)              Turns: 2044, Time: 00:04:55

Health: -1/51      AC: 14    Str: 23    XL:     6   Next: 75%
Magic:  5/5        EV:  8    Int:  5    God:
Gold:   184        SH:  4    Dex:  9    Spells: 5/5 levels left

rFire   . . .        a - +0 war axe
rCold   . . .        c - +0 buckler
rNeg    . . .        b - +0 scale mail
rPois   .            (helmet restricted)
rElec   .            (no cloak)
rCorr   .            (no gloves)
SInv    .            (no boots)
Will    .....        (no amulet) Stlth
                     e - +4 ring of protection
HPRegen 0.28/turn    g - +4 ring of protection
MPRegen 0.09/turn

%: no passive effects
@: no status effects
A: horns 2, retaliatory headbutt
a: no special abilities


You were on level 6 of the Dungeon.
You visited 1 branch of the dungeon, and saw 5 of its levels.

You collected 184 gold pieces.

Inventory:

Hand Weapons
 a - a +0 war axe (weapon)
Missiles
 p - 6 boomerangs (quivered)
Armour
 b - a +0 scale mail (worn)
 c - a +0 buckler (worn)
Jewellery
 e - a +4 ring of protection (left hand)
 g - a +4 ring of protection (right hand)
 m - an amulet of magic regeneration
 u - an amulet of faith
Scrolls
 d - a scroll of identify
 h - 2 scrolls of blinking {unknown}
 i - a scroll of teleportation {unknown}
 n - a scroll of fog {unknown}
 o - 2 scrolls of fear {unknown}
 q - 4 scrolls of poison {unknown}
 s - a scroll of brand weapon {unknown}
 t - a scroll of butterflies {unknown}
 w - a scroll of enchant weapon {unknown}
 x - 2 scrolls of immolation {unknown}
Potions
 f - a potion of experience {unknown}
 j - a potion of heal wounds
 k - 2 potions of curing {unknown}
 l - 2 potions of haste
 r - 2 potions of degeneration {unknown}
 v - a potion of ambrosia {unknown}
 z - 2 potions of resistance
 A - a potion of might


   Skills:
 - Level 3.6 Fighting
 + Level 8.1 Axes
 - Level 3.6 Armour
 - Level 5.0 Shields


You had 5 spell levels left.
You didn't know any spells.
Your spell library was empty.

Dungeon Overview and Level Annotations

Branches:
Dungeon (6/15)
 Temple: D:4-7

Altars:
Qazlal
Xom

Annotations:
D:6 Edmund


Innate Abilities, Weirdness & Mutations

You have a pair of horns on your head.
You reflexively headbutt those who attack you in melee.


Message History

The iguana bites you but does no damage.
You closely miss Edmund.
Edmund is moderately wounded.
You closely miss the iguana. You block Edmund's attack.
You block the iguana's attack.
Edmund hits you with a +4 flail of protection.
The iguana bites you but does no damage.
You hit Edmund but do no damage.
Edmund is moderately wounded.
You closely miss the iguana. You block Edmund's attack.
The iguana bites you but does no damage.
You hit Edmund but do no damage.
Edmund is moderately wounded.
You hit the iguana but do no damage. You block Edmund's attack.
The iguana barely misses you.
You closely miss Edmund.
Edmund is moderately wounded.
You hit the iguana but do no damage.
Edmund hits you with a +4 flail of protection.
The iguana misses you.
You hit Edmund.
Edmund is moderately wounded.
You slash the iguana!
You kill the iguana!
Edmund hits you with a +4 flail of protection!
You barely miss Edmund. You headbutt Edmund.
Edmund is moderately wounded.
Edmund hits you with a +4 flail of protection!
* * * LOW HITPOINT WARNING * * *
You hit Edmund but do no damage.
Edmund is moderately wounded.
Edmund hits you but does no damage.
You hit Edmund but do no damage.
Edmund is moderately wounded.
Edmund hits you but does no damage.
You hit Edmund. Your headbutt misses Edmund.
Edmund is heavily wounded.
Edmund hits you with a +4 flail of protection!
You die...
Edmund says, "I'd like to see a scythe do that!"

#..# #..## ### #...
#. #.# #..# #..
#.###..#
#..###†@##..#
##.....†.@...#
#............##.
#..###...##.........
.. #...##..######.#
#..............#
#...##..#####....
#.............. .
#......)###....


You could see Edmund.

Vanquished Creatures
  Maggie (D:6)
  An iguana (D:6)
  3 gnolls (D:3)
  6 adders
  A dart slug (D:3)
  2 ribbon worms
  An orc (D:3)
  5 ball pythons
  5 bats
  4 endoplasms
  2 giant cockroaches (D:1)
  6 hobgoblins
  4 quokkas
  2 frilled lizards
  4 goblins
  4 kobolds
  3 rats
54 creatures vanquished.

Notes
Turn   | Place    | Note
-------+----------+-------------------------------------------
     0 | D:1      | bmack86 the Minotaur Fighter began the quest for the Orb.
     0 | D:1      | Reached XP level 1. HP: 19/19 MP: 0/0
   108 | D:1      | Reached XP level 2. HP: 26/26 MP: 1/1
   156 | D:1      | Found a faded altar of an unknown god.
   598 | D:2      | Reached skill level 3 in Axes
   636 | D:2      | Found a shimmering altar of Xom.
   699 | D:2      | Reached XP level 3. HP: 31/31 MP: 2/2
  1039 | D:2      | Reached skill level 5 in Shields
  1438 | D:3      | Found a stormy altar of Qazlal.
  1466 | D:3      | Reached skill level 4 in Axes
  1511 | D:3      | Reached XP level 4. HP: 38/39 MP: 3/3
  1675 | D:3      | Reached skill level 5 in Axes
  1679 | D:3      | Reached XP level 5. HP: 32/45 MP: 4/4
  1820 | D:3      | You fall into a shaft and drop 3 floors!
  1821 | D:6      | Noticed Maggie
  1838 | D:6      | Killed Maggie
  1839 | D:6      | Reached skill level 8 in Axes
  1839 | D:6      | Reached XP level 6. HP: 4/51 MP: 5/5
  2023 | D:5      | Entered Level 5 of the Dungeon
  2023 | D:5      | Noticed Edmund
  2044 | D:6      | Slain by Edmund

Illustrated notes

Levels and vault maps discovered:
D:1:      evilmike_arrival_hilbert_curve, layout_basic,
          hellmonk_ecumenical_altar_crossroads
D:2:      layout_loops_ring, basic_altar, minmay_nonomino_d4
D:3:      layout_rooms, grunt_qazlal_sundering, nicolae_elevator_lobby_asterisk
D:5:      layout_loops_corners, dancing_weapons_uskayaw, marbit_many_paths,
          nicolae_ru_path_of_blood, nicolae_grassy_gnolls, uniq_edmund
D:6:      layout_basic, palyth_temple_overflow_mages, evilmike_ruin_ashenzari,
          uniq_maggie

Skill      XL: |  1  2  3  4  5 |
---------------+----------------+-----
Shields        | 4 5 |  5.0
Axes           | 3 4 5 8 |  8.1
Fighting       | |  3.6
Armour         | |  3.6

Action                     |  1- 3 |  4- 6 || total
---------------------------+-------+-------++-------
  Melee: War axe           |    73 |    65 ||   138
         Headbutt          |     7 |     9 ||    16
    Use: Scroll            |     3 |       ||     3
         Potion            |       |     2 ||     2
 Armour: Scale mail        |    75 |    74 ||   149
  Dodge: Dodged            |    35 |    30 ||    65
  Block: Buckler           |    20 |    22 ||    42

Table legend: (Time is in decaauts)
 A = Elapsed time spent in this place.
 B = Non-inter-level travel time spent in this place.
 C = Inter-level travel time spent in this place.
 D = Time resting spent in this place.
 E = Time spent auto-exploring this place.
 F = Levels seen in this place.
 G = Mean time per level.
                   A        B        C        D        E       F      G
               +--------+--------+--------+--------+--------+-----+--------+
         Total |   2088 |   2046 |     42 |    154 |   1243 |   5 |  417.6 |
       Dungeon |   2088 |   2046 |     42 |    154 |   1243 |   5 |  417.6 |
               +--------+--------+--------+--------+--------+-----+--------+

Top non-repeatable levels by time:
     D:2: 754 daAuts
     D:1: 569 daAuts
     D:3: 534 daAuts
     D:6: 225 daAuts
     D:5: 4 daAuts
